 Dungeon Crawl Stone Soup version 0.23.0 (webtiles) character file.

Game seed: 11037796052032525646

227726 TheOrbIsALie the Brawler (level 19, -13/103 HPs)
             Began as a Vine Stalker Fighter on Feb 14, 2019.
             Was the Champion of Uskayaw.
             Killed from afar by a deep elf high priest (21 damage)
             ... with damnation
             ... on level 3 of the Elven Halls.
             The game lasted 01:40:30 (26746 turns).

TheOrbIsALie the Brawler (Vine Stalker Fighter)    Turns: 26746, Time: 01:40:30

Health: -13/103    AC: 38    Str: 19    XL:     19   Next: 39%
Magic:  0/30       EV:  8    Int: 14    God:    Uskayaw [******]
Gold:   1761       SH: 12    Dex: 16    Spells: 20/20 levels left

rFire    . . .     SeeInvis +     - Unarmed
rCold    . . .     Gourm    .   b - +1 shield {reflect}
rNeg     . . .     Faith    +   L - +10 shadow dragon scales
rPois    .         Spirit   +   W - +2 helmet
rElec    .         Reflect  +   J - +2 cloak
rCorr    .         Harm     .   v - +2 pair of gloves
MR       ++...                  G - +2 pair of boots {Stlth+}
Stlth    ++++++++..             I - amulet of faith
HPRegen  1.07/turn              K - ring of see invisible
MPRegen  0.22/turn              k - +5 ring of slaying

@: no status effects
A: fangs 3, regeneration 2, magic shield, antimagic bite, no potion heal 3, rot
immunity
}: 1/15 runes: serpentine
a: Stomp, Line Pass, Grand Finale, Renounce Religion


You were on level 3 of the Elven Halls.
You worshipped Uskayaw.
Uskayaw was pleased with you.
You were not hungry.

You visited 5 branches of the dungeon, and saw 30 of its levels.
You also visited: Sewer, Gauntlet and Ice Cave.

You collected 3215 gold pieces.
You spent 1454 gold pieces at shops.

Inventory:

Armour
 b - a +1 shield of reflection (worn)
 n - the +0 buckler of Tomorrow {rC+ rN+}
   (You acquired it on level 6 of the Lair of Beasts)

   It protects you from cold.
   It protects you from negative energy.
 v - a +2 pair of gloves (worn)
 G - a +2 pair of boots of stealth (worn)
 J - a +2 cloak (worn)
 L - +10 shadow dragon scales (worn)
 W - a +2 helmet (worn)
Jewellery
 k - a +5 ring of slaying (right hand)
 m - an uncursed ring of magical power
 p - the ring "Bephauda" {Str+5 Dex+4}
   (You found it in a Gauntlet)

   [ring of strength]

   It affects your strength (+5).
   It affects your dexterity (+4).
 u - an uncursed ring of stealth
 B - an uncursed ring of resist corrosion
 I - an amulet of faith (around neck)
 K - a ring of see invisible (left hand)
 N - an uncursed ring of protection from magic
 P - an uncursed ring of poison resistance
 R - an uncursed ring of protection from fire
 Y - an uncursed ring of protection from fire
 Z - an uncursed ring of wizardry
Wands
 a - a wand of digging (2)
 q - a wand of paralysis (24)
 E - a wand of random effects (51)
 M - a wand of disintegration (24)
 S - a wand of clouds (2)
 V - a wand of acid (7)
Scrolls
 e - 9 scrolls of teleportation
 l - 6 scrolls of identify
 o - 15 scrolls of remove curse
 s - 7 scrolls of fog
 t - 3 scrolls of blinking
 C - 8 scrolls of fear
 H - 3 scrolls of magic mapping
 U - 2 scrolls of holy word
Potions
 c - 2 potions of might
 f - 2 potions of invisibility
 g - 4 potions of cancellation
 h - 9 potions of brilliance
 i - 8 potions of curing
 j - 3 potions of ambrosia
 w - 8 potions of agility
 x - 5 potions of mutation
 y - 2 potions of flight
 z - 5 potions of haste
 A - 2 potions of magic
 D - a potion of resistance
 F - 3 potions of heal wounds
 T - a potion of berserk rage
Miscellaneous
 r - a phial of floods
 Q - a fan of gales
 X - a lamp of fire
Comestibles
 d - 51 rations


   Skills:
 * Level 12.7 Fighting
 + Level 10.8 Armour
 + Level 3.1 Dodging
 - Level 16.0 Stealth
 + Level 8.6 Shields
 - Level 19.0 Unarmed Combat
 * Level 1.0 Spellcasting
 * Level 13.9 Invocations
 * Level 5.3 Evocations


You had 20 spell levels left.
You didn't know any spells.
Your spell library contained the following spells:

 Spells                   Type           Power        Failure   Level  Hunger
 Animate Skeleton         Necr           N/A          99%         1    ##.....
 Confusing Touch          Hex            #.....       99%         1    ##.....
 Magic Dart               Conj           #...         99%         1    ##.....
 Pain                     Necr           #...         99%         1    ##.....
 Shock                    Conj/Air       #...         99%         1    ##.....
 Sting                    Conj/Pois      #...         99%         1    ##.....
 Summon Small Mammal      Summ           #...         99%         1    ##.....
 Blink                    Tloc           N/A          100%        2    ###....
 Call Imp                 Summ           #.......     100%        2    ###....
 Ensorcelled Hibernation  Hex/Ice        #.....       100%        2    ###....
 Passwall                 Tmut/Erth      #.......     100%        2    ###....
 Poisonous Vapours        Pois/Air       #.....       100%        2    ###....
 Slow                     Hex            #.......     100%        2    ###....
 Swiftness                Chrm/Air       #.......     100%        2    ###....
 Throw Flame              Conj/Fire      #.....       100%        2    ###....
 Confuse                  Hex            #.......     100%        3    ####...
 Conjure Flame            Conj/Fire      #.......     100%        3    ####...
 Gell's Gravitas          Tloc           #.........   100%        3    ####...
 Inner Flame              Hex/Fire       #.......     100%        3    ####...
 Mephitic Cloud           Conj/Pois/Air  #.......     100%        3    ####...
 Recall                   Summ/Tloc      N/A          100%        3    ####...
 Regeneration             Chrm/Necr      #.........   100%        3    ####...
 Static Discharge         Conj/Air       #.......     100%        3    ####...
 Stone Arrow              Conj/Erth      #.....       100%        3    ####...
 Summon Guardian Golem    Hex/Summ       #.......     100%        3    ####...
 Vampiric Draining        Necr           #.........   100%        3    ####...
 Airstrike                Air            #.........   100%        4    #####..
 Animate Dead             Necr           N/A          100%        4    #####..
 Fulminant Prism          Conj/Hex       #.........   100%        4    #####..
 Passage of Golubria      Tloc           N/A          100%        4    #####..
 Petrify                  Tmut/Erth      #.......     100%        4    #####..
 Sticky Flame             Conj/Fire      #.......     100%        4    #####..
 Alistair's Intoxication  Tmut/Pois      #.......     100%        5    ######.
 Bolt of Draining         Conj/Necr      #.........   100%        5    ######.
 Borgnjor's Vile Clutch   Necr/Erth      #.........   100%        5    ######.
 Lee's Rapid Deconstruct  Erth           #.........   100%        5    ######.
 Lightning Bolt           Conj/Air       #.........   100%        5    ######.
 Metabolic Englaciation   Hex/Ice        #.........   100%        5    ######.
 Silence                  Hex/Air        #.........   100%        5    ######.
 Summon Mana Viper        Hex/Summ       #.......     100%        5    ######.
 Yara's Violent Unravell  Hex/Tmut       #.........   100%        5    ######.
 Darkness                 Hex            #.........   100%        6    #######
 Freezing Cloud           Conj/Ice/Air   #.........   100%        6    #######
 Invisibility             Hex            #.......     100%        6    #######
 Shadow Creatures         Summ           N/A          100%        6    #######
 Ring of Flames           Chrm/Fire      #.........   100%        7    #######
 Spellforged Servitor     Conj/Summ      #.........   100%        7    #######


Dungeon Overview and Level Annotations

Branches:
Dungeon (15/15)            Temple (0/1) D:7            Lair (6/6) D:11
  Swamp (0/4) Lair:4        Snake (4/4) Lair:4        Slime (0/5) Lair:6
    Orc (2/2) D:9             Elf (3/3) Orc:2        Vaults (0/5) D:13
 Depths (0/5) D:15

Altars:
Ashenzari
Cheibriados
Elyvilon
Fedhas
Hepliaklqana
Kikubaaqudgha
Qazlal
Sif Muna
Uskayaw
Vehumet
Xom
The Shining One
Beogh
Jiyva

Shops:
D:7 [   D:11 !   Orc:2 ??([   Elf:1 *   Elf:3 [   Snake:1 !   Snake:3 ?

Annotations:
Elf:2 3 runed translucent doors


Innate Abilities, Weirdness & Mutations

You have razor-sharp teeth.
You heal very quickly.
When hurt, damage is shared between your health and your magic reserves.
Your bite disrupts and absorbs the magic of your enemies.
Potions cannot restore your health.
You are immune to rotting.


Message History

Unknown command.
Okay, then.
Unknown command.
You hit the deep elf master archer. You bite the deep elf master archer!
You drain its power.
You feel invigorated.
The deep elf master archer is almost dead.
The deep elf master archer shoots an arrow.
The arrow hits you.
* * * LOW HITPOINT WARNING * * *
You pummel the deep elf master archer!!
You kill the deep elf master archer!
Your Spellcasting skill increases to level 1!
Evoke which item? (* to show all) (? for menu, Esc to quit)
Aiming: Dig
Press: ? - help, Shift-Dir - straight line A rock wall.
The rock shatters into small pieces.
The deep elf high priest calls down the wrath of its god upon you.
The sphere of damnation explodes!
The damnation engulfs you!!
You die...

#..#..#
**,,.........,,,**
#..#.)#
**,,,*.......,*,,,**
#..#..#
*,,,***......***,,,*
#..#..#
**,,,*,,)...,,*,,,**
#..#..#
**,,,,,#)e#,,,,,**
#..#..#
**,,,*#).#*,,,**
#..#..# **,**#).#**,**
#..#..# #########))#
*** #..#..#
.......@#=)#
...#..###########)..##
...#.................#
#..#.............e...#
#..#..#############..#
#..#..#...........#..#
#..#..#...........#..#
#..#..'..#######..#..#
#..#..#..'.....#..#..#


You could see a deep elf high priest.

Vanquished Creatures
  Vashnia (Snake:3)
  A deep elf master archer (Elf:3)
  A deep elf blademaster (Elf:3)
  Agnes (Snake:3)
  Kirke (D:13)
  7 nagarajas (Snake:4)
  7 deep elf sorcerers
  An orc warlord (Orc:2)
  A deep elf elementalist (Elf:3)
  4 deep elf demonologists
  2 deep elf annihilators (Elf:3)
  The ghost of Irhican the Severer, a journeyman MiBe of Trog (Lair:3)
  A dire elephant (D:15)
  A minotaur (Gauntlet)
  Josephine (D:13)
  2 deep elf death magi (Elf:3)
  A fire dragon (Lair:6)
  A deep elf high priest (Elf:3)
  Fannar (D:11)
  2 vault guards (D:13)
  20 naga warriors
  6 hydras
  6 anacondas
  A death knight (D:15)
  A two-headed ogre (shapeshifter) (Elf:3)
  11 dancing weapons
  3 centaur warriors (D:15)
  7 two-headed ogres
  Urug (Lair:5)
  10 shock serpents
  15 naga sharpshooters
  3 orc high priests
  4 deep elf knights
  A fire crab (Gauntlet)
  A sixfirhy (D:14)
  4 salamander mystics
  An unseen horror (shapeshifter) (Elf:1)
  An unseen horror (D:14)
  A death drake (Gauntlet)
  2 wizards (D:13)
  A swamp dragon (Lair:6)
  6 deep elf archers
  A spectral wolf spider (Gauntlet)
  2 necromancers
  8 naga ritualists
  3 orc knights
  9 mana vipers (Snake:2)
  3 wolf spider zombies
  44 deep elf magi
  7 oklob plants
  5 cyclopes
  3 ugly things
  3 orc sorcerers
  16 salamanders
  A manticore (D:15)
  14 elephants
  24 naga magi
  2 gargoyles (D:14)
  35 black mambas
  10 spiny frogs
  An ice statue (IceCv)
  3 guardian serpents
  A kobold demonologist (D:14)
  2 efreet (D:14)
  A rime drake (shapeshifter) (Elf:3)
  A yaktaur (D:15)
  9 komodo dragons
  6 rime drakes
  A small abomination (Elf:3)
  A harpy zombie (D:15)
  A tengu conjurer (D:14)
  10 polar bears (Lair:6)
  A queen bee (D:8)
  9 trolls
  4 blink frogs (Lair:6)
  11 slime creatures
  14 dream sheep
  A meliai zombie (Gauntlet)
  4 raiju (D:14)
  4 air elementals
  7 hippogriffs
  2 centaur simulacra (Gauntlet)
  Sigmund (D:6)
  4 water elementals
  A shadow (D:15)
  3 basilisks
  50 yaks
  3 steam dragons (Lair:6)
  4 wraiths (D:12)
  6 wyverns
  4 fire bats (Gauntlet)
  4 hogs
  20 humans
  2 fire elementals
  2 vampire mosquitoes (D:15)
  2 soldier ants
  41 nagas
  11 wargs
  12 water moccasins
  Edmund (D:6)
  3 acid dragons
  15 hell hounds (Lair:6)
  13 porcupines
  33 orc warriors
  A meliai simulacrum (Gauntlet)
  A swamp drake (Lair:6)
  11 ice beasts
  6 sky beasts
  An eye of draining (D:8)
  An ice dragon simulacrum (Gauntlet)
  14 black bears
  2 phantoms
  A necrophage (D:11)
  12 ogres
  18 wolves
  11 crocodiles
  12 centaurs
  A wyvern zombie (D:13)
  11 big kobolds
  18 bullfrogs
  An earth elemental (Elf:3)
  A gnoll sergeant (Orc:2)
  3 scorpions
  A hornet simulacrum (D:15)
  A wyvern skeleton (D:13)
  29 killer bees
  10 wights
  3 electric eels (D:11)
  2 howler monkeys
  5 crimson imps
  A quasit (D:10)
  A bullfrog zombie (D:6)
  7 centaur skeletons
  5 centaur zombies
  12 hounds
  5 jellies
  30 orc priests
  A gnoll shaman (Orc:2)
  3 bullfrog skeletons
  5 iguanas
  19 orc wizards
  10 worker ants
  A mummy (D:5)
  A howler monkey skeleton (D:5)
  11 adders
  9 gnolls
  A river rat (Sewer)
  5 shadow imps
  3 oozes
  An adder zombie (D:5)
  5 worms
  3 dart slugs
  6 leopard geckos
  75 orcs
  12 bats
  3 giant cockroaches
  13 goblins
  8 hobgoblins
  4 jackals
  5 quokkas
  7 ball pythons
  2 frilled lizards
  A jackal zombie (D:6)
  25 kobolds
  A leopard gecko skeleton (D:5)
  7 rats
  3 crawling corpses (Elf:3)
  2 plants
1153 creatures vanquished.

Vanquished Creatures (collateral kills)
  2 deep elf sorcerers (Elf:3)
2 creatures vanquished.

Vanquished Creatures (others)
  2 naga sharpshooters
  A deep elf mage (Elf:1)
  A black mamba (Snake:2)
  A quasit (D:13)
  An orc priest (Orc:2)
  An orc (Orc:2)
  2 fungi
  20 plants
29 creatures vanquished.

Grand Total: 1184 creatures vanquished

Notes
Turn   | Place    | Note
-------+----------+-------------------------------------------
     0 | D:1      | TheOrbIsALie the Vine Stalker Fighter began the quest for
                  | the Orb.
     0 | D:1      | Reached XP level 1. HP: 11/11 MP: 2/2
    91 | D:1      | Reached XP level 2. HP: 15/16 MP: 3/3
   241 | D:1      | Reached skill level 3 in Unarmed Combat
   439 | D:1      | Reached XP level 3. HP: 19/19 MP: 4/4
   908 | D:2      | Reached skill level 4 in Unarmed Combat
   928 | D:2      | Gained mutation: Your natural rate of healing is unusually
                  | fast. [Vine Stalker growth]
   928 | D:2      | Reached XP level 4. HP: 22/23 MP: 5/5
  1130 | D:3      | Found a deep blue altar of Sif Muna.
  1352 | D:3      | You fall through a shaft!
  1399 | D:3      | Reached skill level 5 in Unarmed Combat
  1411 | D:3      | Reached XP level 5. HP: 26/27 MP: 6/6
  1749 | D:4      | Noticed an ogre
  1759 | D:4      | Killed an ogre
  1819 | D:4      | Reached skill level 6 in Unarmed Combat
  1822 | D:4      | Reached XP level 6. HP: 27/32 MP: 7/7
  2503 | D:4      | Reached skill level 7 in Unarmed Combat
  2538 | D:4      | Found a glowing golden altar of the Shining One.
  2905 | D:5      | Entered Level 5 of the Dungeon
  2915 | D:5      | Reached XP level 7. HP: 35/35 MP: 8/8
  3222 | D:5      | Found a snail-covered altar of Cheibriados.
  3562 | D:5      | Reached skill level 8 in Unarmed Combat
  3607 | D:6      | Noticed Sigmund
  3618 | D:6      | Killed Sigmund
  3657 | D:6      | Found a glowing drain.
  3671 | Sewer    | Entered a sewer
  3735 | Sewer    | Reached skill level 9 in Unarmed Combat
  3786 | Sewer    | Gained mutation: You have razor-sharp teeth. [Vine Stalker
                  | growth]
  3786 | Sewer    | Reached XP level 8. HP: 39/39 MP: 9/9
  4227 | Sewer    | Reached skill level 10 in Unarmed Combat
  4270 | D:6      | Found a shattered altar of Ashenzari.
  4283 | D:6      | Found a hide-covered altar of Uskayaw.
  4285 | D:6      | Found an ancient bone altar of Kikubaaqudgha.
  4318 | D:6      | Became a worshipper of Uskayaw the Reveler
  4344 | D:6      | Found a radiant altar of Vehumet.
  4361 | D:6      | Reached * piety under Uskayaw
  4362 | D:6      | Noticed Edmund
  4369 | D:6      | Reached ** piety under Uskayaw
  4379 | D:6      | Reached *** piety under Uskayaw
  4384 | D:6      | Reached **** piety under Uskayaw
  4388 | D:6      | Reached ***** piety under Uskayaw
  4390 | D:6      | Killed Edmund
  4390 | D:6      | Reached skill level 11 in Unarmed Combat
  4406 | D:6      | Reached XP level 9. HP: 21/43 MP: 10/10
  4500 | D:6      | Found a blossoming altar of Fedhas.
  4882 | D:7      | Found Iceingan's Armour Shop.
  5005 | D:7      | Reached skill level 12 in Unarmed Combat
  5036 | D:7      | Found a white marble altar of Elyvilon.
  5548 | D:7      | Found a staircase to the Ecumenical Temple.
  5693 | D:8      | Reached skill level 1 in Invocations
  5795 | D:8      | Noticed a queen bee
  5804 | D:8      | Reached ****** piety under Uskayaw
  5808 | D:8      | Killed a queen bee
  5808 | D:8      | Reached skill level 13 in Unarmed Combat
  5808 | D:8      | Reached XP level 10. HP: 28/49 MP: 12/12
  6066 | D:8      | Found a hazy altar of Hepliaklqana.
  6936 | D:9      | Found a staircase to the Orcish Mines.
  6940 | D:9      | Reached skill level 14 in Unarmed Combat
  6974 | D:9      | Noticed a two-headed ogre
  6981 | D:9      | Killed a two-headed ogre
  7007 | D:9      | Found a roughly hewn altar of Beogh.
  7186 | Orc:1    | Entered Level 1 of the Orcish Mines
  7186 | Orc:1    | Noticed an orc sorcerer
  7186 | Orc:1    | Noticed an orc knight
  7200 | Orc:1    | Killed an orc sorcerer
  7200 | Orc:1    | Reached XP level 11. HP: 45/54 MP: 15/15
  7211 | Orc:1    | Killed an orc knight
  7211 | Orc:1    | Reached skill level 5 in Fighting
  7711 | D:7      | Bought +2 shadow dragon scales for 920 gold pieces
  7784 | D:10     | Entered Level 10 of the Dungeon
  8019 | D:10     | Reached skill level 15 in Unarmed Combat
  8054 | D:10     | Noticed a two-headed ogre
  8055 | D:10     | Found a blossoming altar of Fedhas.
  8068 | D:10     | Killed a two-headed ogre
  8070 | D:10     | Reached skill level 1 in Stealth
  8174 | D:10     | Noticed a two-headed ogre
  8182 | D:10     | Killed a two-headed ogre
  8182 | D:10     | Reached skill level 5 in Invocations
  8495 | D:11     | Noticed Fannar
  8497 | D:11     | Found Vaha's Distillery.
  8528 | D:11     | Killed Fannar
  8546 | D:11     | Bought 2 potions of agility for 112 gold pieces
  8546 | D:11     | Bought a potion of mutation for 112 gold pieces
  8546 | D:11     | Bought a potion of berserk rage for 70 gold pieces
  8582 | D:11     | Found a frozen archway.
  8622 | IceCv    | Entered an ice cave
  8622 | IceCv    | Noticed a white ugly thing
  8628 | IceCv    | Found a transporter.
  8650 | IceCv    | Killed a white ugly thing
  8732 | IceCv    | Noticed a white ugly thing
  8734 | IceCv    | Found a transporter.
  8744 | IceCv    | Killed a white ugly thing
  8744 | IceCv    | Gained mutation: You heal very quickly. [Vine Stalker
                  | growth]
  8744 | IceCv    | Reached XP level 12. HP: 37/61 MP: 17/17
  8748 | IceCv    | Reached skill level 5 in Stealth
  9135 | D:11     | Found a staircase to the Lair.
  9510 | D:12     | Reached skill level 16 in Unarmed Combat
  9534 | D:12     | Noticed a two-headed ogre
  9548 | D:12     | Killed a two-headed ogre
  9999 | D:13     | Noticed Josephine
 10077 | D:13     | Killed Josephine
 10228 | D:13     | Noticed a vault guard
 10281 | Lair:1   | Entered Level 1 of the Lair of Beasts
 10485 | Lair:1   | Reached XP level 13. HP: 53/67 MP: 19/19
 12121 | Lair:3   | Found a large runed translucent door.
 12121 | Lair:3   | Found a large runed translucent door.
 12129 | Lair:3   | Noticed Irhican's ghost (journeyman MiBe)
 12560 | Lair:3   | Reached skill level 10 in Stealth
 12560 | Lair:3   | Reached skill level 17 in Unarmed Combat
 12821 | Lair:3   | Killed Irhican's ghost
 13045 | Lair:4   | Found a gate leading to a gauntlet.
 13061 | Gauntlet | Entered a Gauntlet
 13061 | Gauntlet | Found a transporter.
 13061 | Gauntlet | Found a transporter.
 13065 | Gauntlet | Found a transporter.
 13065 | Gauntlet | Found a transporter.
 13077 | Gauntlet | Found a transporter.
 13085 | Gauntlet | Found a transporter.
 13085 | Gauntlet | Found a transporter.
 13089 | Gauntlet | Found a transporter.
 13116 | Gauntlet | Found a transporter.
 13123 | Gauntlet | Found a transporter.
 13143 | Gauntlet | Found a transporter.
 13153 | Gauntlet | Found a transporter.
 13186 | Gauntlet | Found a transporter.
 13188 | Gauntlet | Found a large runed translucent door.
 13188 | Gauntlet | Found a large runed translucent door.
 13189 | Gauntlet | Found a large runed translucent door.
 13189 | Gauntlet | Found a large runed translucent door.
 13190 | Gauntlet | Found a large runed translucent door.
 13190 | Gauntlet | Found a large runed translucent door.
 13190 | Gauntlet | Found a runed translucent door.
 13190 | Gauntlet | Found a runed translucent door.
 13190 | Gauntlet | Found a large runed translucent door.
 13190 | Gauntlet | Found a large runed translucent door.
 13191 | Gauntlet | Found a large runed translucent door.
 13191 | Gauntlet | Found a large runed translucent door.
 13197 | Gauntlet | Found a large runed translucent door.
 13197 | Gauntlet | Found a large runed translucent door.
 13198 | Gauntlet | Found a large runed translucent door.
 13198 | Gauntlet | Found a large runed translucent door.
 13199 | Gauntlet | Found a runed translucent gate.
 13199 | Gauntlet | Found a runed translucent gate.
 13199 | Gauntlet | Found a runed translucent gate.
 13201 | Gauntlet | Found a transporter.
 13211 | Gauntlet | Found a large runed translucent door.
 13212 | Gauntlet | Found a large runed translucent door.
 13303 | Gauntlet | Found a transporter.
 13324 | Gauntlet | Found a transporter.
 13326 | Gauntlet | Noticed a reaper
 13460 | Gauntlet | Noticed a fire dragon
 13482 | Gauntlet | Noticed a great orb of eyes
 13482 | Gauntlet | a four-headed hydra changed into a great orb of eyes
 13489 | Gauntlet | a great orb of eyes changed into an alligator
 13490 | Gauntlet | Noticed an ice dragon
 13490 | Gauntlet | an alligator changed into an ice dragon
 13493 | Gauntlet | an ice dragon changed into a tyrant leech
 13495 | Gauntlet | Noticed a great orb of eyes
 13495 | Gauntlet | a tyrant leech changed into a great orb of eyes
 13496 | Gauntlet | a great orb of eyes changed into a slime creature
 13508 | Gauntlet | Noticed a spark wasp
 13508 | Gauntlet | a queen ant changed into a spark wasp
 13589 | Gauntlet | Reached skill level 5 in Armour
 13595 | Gauntlet | Reached XP level 14. HP: 36/74 MP: 21/21
 13690 | Gauntlet | Got a sparkling pewter ring
 13753 | Gauntlet | Got a bound bronze ring
 13763 | Gauntlet | Identified the ring "Bephauda" {Str+5 Dex+4} (You found it
                  | in a Gauntlet)
 13764 | Gauntlet | Identified the ring of Kindness {Ice Stlth+} (You found it
                  | in a Gauntlet)
 13776 | Gauntlet | Identified the +4 broad axe of Hubris {freeze, Str+6 Int+4}
 13813 | Gauntlet | Identified the Guide on the Vitriolic Blaze
 13903 | Lair:4   | Found a staircase to the Snake Pit.
 14067 | Lair:4   | Found a staircase to the Swamp.
 14276 | Lair:4   | Identified a scroll of acquirement
 14279 | Lair:4   | Identified the +8 chain mail of Morality {MR+} (You
                  | acquired it on level 4 of the Lair of Beasts)
 14465 | Lair:5   | Found the +0 Maxwell's etheric cage {RegenMP+ *Contam rElec
                  | MP+4}
 14604 | Lair:5   | Found a shimmering altar of Xom.
 14684 | Lair:5   | Noticed Urug
 14693 | Lair:5   | Killed Urug
 14737 | Lair:5   | Found a hazy altar of Hepliaklqana.
 15067 | Lair:6   | Entered Level 6 of the Lair of Beasts
 15186 | Lair:6   | Got a slimy buckler
 15197 | Lair:6   | Identified the +0 buckler of Tomorrow {rC+ rN+} (You
                  | acquired it on level 6 of the Lair of Beasts)
 15359 | Lair:6   | Found a viscous altar of Jiyva.
 15359 | Lair:6   | Found a staircase to the Slime Pits.
 15693 | Lair:6   | Reached XP level 15. HP: 79/79 MP: 23/23
 15724 | Lair:6   | Reached skill level 18 in Unarmed Combat
 16010 | Lair:6   | Reached skill level 10 in Invocations
 16568 | Orc:2    | Entered Level 2 of the Orcish Mines
 16702 | Orc:2    | Found a roughly hewn altar of Beogh.
 16844 | Orc:2    | Found a roughly hewn altar of Beogh.
 16845 | Orc:2    | Found Kabbeus's Magic Scroll Emporium.
 16927 | Orc:2    | Found a roughly hewn altar of Beogh.
 16928 | Orc:2    | Found Caycw's Magic Scroll Emporium.
 17048 | Orc:2    | Noticed an orc warlord
 17057 | Orc:2    | Killed an orc warlord
 17062 | Orc:2    | Found a roughly hewn altar of Beogh.
 17062 | Orc:2    | Found Cigod's Antique Armour Shoppe.
 17064 | Orc:2    | Found Zuomyclo's Antique Weapon Emporium.
 17072 | Orc:2    | Bought a pair of runed gloves for 240 gold pieces
 17154 | Orc:2    | Found a staircase to the Elven Halls.
 17191 | Orc:2    | Found a roughly hewn altar of Beogh.
 17285 | Orc:2    | Found a roughly hewn altar of Beogh.
 17870 | D:13     | Reached skill level 10 in Fighting
 17938 | D:13     | Noticed Kirke
 17964 | D:13     | Noticed a sphinx
 18098 | D:13     | Killed Kirke
 18113 | D:13     | Identified the +6 rapier of Ancient Evil {venom, rC+++ MR+
                  | Dex-4}
 18144 | D:13     | Found a gate to the Vaults.
 18568 | D:14     | Reached XP level 16. HP: 76/85 MP: 20/25
 18639 | D:14     | Found the +8 arc blade {discharge, rElec}
 18658 | D:14     | Reached skill level 19 in Unarmed Combat
 18912 | D:15     | Entered Level 15 of the Dungeon
 18956 | D:15     | Found a stormy altar of Qazlal.
 19274 | D:15     | Found Tet Woimn's Weapon Emporium.
 19317 | D:15     | Found a staircase to the Depths.
 19783 | Snake:1  | Entered Level 1 of the Snake Pit
 19887 | Snake:1  | Found Morghis's Distillery.
 20353 | Snake:2  | Reached skill level 15 in Stealth
 21008 | Snake:2  | Reached XP level 17. HP: 64/91 MP: 10/26
 21453 | Snake:3  | Noticed Vashnia
 21630 | Snake:3  | Found Awunkop's Magic Scroll Shop.
 21664 | Snake:3  | Killed Vashnia
 21675 | Snake:3  | Noticed Agnes
 21727 | Snake:3  | Killed Agnes
 21897 | Snake:3  | Reached skill level 1 in Dodging
 22158 | Snake:4  | Entered Level 4 of the Snake Pit
 22390 | Snake:4  | Reached skill level 5 in Shields
 22779 | Snake:4  | Reached skill level 1 in Evocations
 22870 | Snake:4  | Reached XP level 18. HP: 49/98 MP: 23/28
 23002 | Snake:4  | Identified the Guide on the Creative Volcanoes
 23507 | Snake:4  | Got a serpentine rune of Zot
 24056 | Elf:1    | Entered Level 1 of the Elven Halls
 24147 | Elf:1    | Found Nakka's General Store.
 24151 | Elf:1    | Found a radiant altar of Vehumet.
 24578 | Elf:1    | Identified the Reference Book on Confrontation
 24924 | Elf:2    | Found a runed translucent gate.
 24924 | Elf:2    | Found a runed translucent gate.
 24925 | Elf:2    | Found a runed translucent gate.
 24959 | Elf:2    | Reached skill level 10 in Armour
 25159 | Elf:2    | Identified Bizxaos's Handbook of Creation
 25173 | Elf:2    | Noticed an Ice Fiend
 25553 | Elf:3    | Entered Level 3 of the Elven Halls
 25638 | Elf:3    | Reached XP level 19. HP: 98/102 MP: 28/30
 25886 | Elf:3    | Found Pile's Armour Shoppe.
 26204 | Elf:3    | Reached skill level 5 in Evocations
 26217 | Elf:3    | Found the +18 shield of the Gong {rElec rN+ MR+ EV-5}
 26217 | Elf:3    | Found the ring of the Mage {Wiz MR++ Int+3}
 26745 | Elf:3    | Reached skill level 1 in Spellcasting
 26746 | Elf:3    | Killed from afar by a deep elf high priest

Skill      XL: |  1  2  3  4  5  6  7  8  9 10 11 12 13 14 15 16 17 18 19 |
---------------+----------------------------------------------------------+-----
Unarmed Combat | 3 4 5 6 7 9 11 13 14 15 16 17 18 19 | 19.0
Fighting       | 3 4 6 7 8 9 10 11 12 | 12.7
Invocations    | 2 4 5 7 8 9 10 11 12 13 | 13.9
Stealth        | 4 7 10 12 13 15 16 | 16.0
Armour         | 4 5 6 7 9 10 | 10.8
Shields        | 6 7 8 |  8.6
Dodging        | 2 3 |  3.1
Evocations     | 1 4 5 |  5.3
Spellcasting   | 1 |  1.0

Action                   |  1- 3 |  4- 6 |  7- 9 | 10-12 | 13-15 | 16-18 | 19-21 || total
-------------------------+-------+-------+-------+-------+-------+-------+-------++-------
Melee: Unarmed           |   106 |   127 |   435 |   624 |   976 |   886 |    80 ||  3234
       Bite              |    31 |    35 |   111 |   185 |   367 |   399 |    23 ||  1151
       Short sword       |       |       |       |       |     7 |       |       ||     7
Invok: Line Pass         |       |       |       |     1 |     2 |       |       ||     3
       Stomp             |       |       |       |       |     2 |       |       ||     2
       Grand Finale      |       |       |       |       |     1 |     1 |       ||     2
Evoke: Wand              |       |       |       |    25 |     6 |     4 |     2 ||    37
       Lamp of fire      |       |       |       |     1 |     1 |     3 |       ||     5
       Phial of floods   |       |       |       |       |     1 |     1 |     1 ||     3
  Use: Potion            |       |     1 |     1 |     4 |     4 |     5 |     1 ||    16
       Scroll            |       |       |     2 |    10 |    28 |    13 |     2 ||    55
 Stab: Paralysed         |       |       |     3 |    45 |    98 |   100 |     4 ||   250
       Sleeping          |       |       |       |    16 |    42 |    34 |     6 ||    98
       Confused          |       |       |       |     2 |     1 |       |     4 ||     7
       Distracted        |       |       |       |     1 |     6 |     9 |       ||    16
       Invisible         |       |       |       |       |     1 |       |       ||     1
  Eat: Chunk             |       |     6 |    11 |    13 |    16 |    18 |       ||    64
       Ration            |       |       |       |     1 |     3 |     2 |     2 ||     8
Armor: Scale mail        |    43 |    28 |       |       |       |       |       ||    71
       Plate armour      |       |     7 |   233 |    49 |       |       |       ||   289
       Troll leather arm |       |       |       |     4 |       |       |       ||     4
       Shadow dragon sca |       |       |       |   267 |   658 |   422 |    23 ||  1370
Dodge: Dodged            |    31 |    22 |    27 |    78 |   236 |   146 |     7 ||   547
Block: Shield            |    43 |    49 |   162 |   251 |   165 |   333 |     7 ||  1010
       Buckler           |       |       |       |       |   100 |    10 |       ||   110
       Reflection        |       |       |       |       |       |    50 |     1 ||    51
